 Dungeon Crawl Stone Soup version 0.29-a0-271-gd4eb659eea (webtiles) character file.

Game seed: 3193037375451972106

2556 dolemite99 the Bludgeoner (level 9, -4/70 HPs)
             Began as a Minotaur Fighter on Mar 9, 2022.
             Was a Believer of Wu Jian.
             Slain by a cyan ugly thing (16 damage)
             ... on level 7 of the Dungeon.
             The game lasted 00:06:34 (8274 turns).

dolemite99 the Bludgeoner (Minotaur Fighter)        Turns: 8274, Time: 00:06:34

Health: -4/70      AC: 16    Str: 25    XL:     9   Next: 31%
Magic:  8/8        EV:  4    Int:  5    God:    Wu Jian [**....]
Gold:   373        SH:  0    Dex: 10    Spells: 8/8 levels left

rFire   . . .      SeeInvis .   a - +2 dire flail (venom)
rCold   . . .      Faith    .   (shield currently unavailable)
rNeg    . . .      Spirit   .   C - +0 crystal plate armour
rPois   .          Reflect  .   (helmet restricted)
rElec   .          Harm     .   (no cloak)
rCorr   .          Rampage  .   (no gloves)
Will    .....                   (no boots)
Stlth   ..........              (no amulet)
HPRegen 0.21/turn               (no ring)
MPRegen 0.11/turn               (no ring)

@: no status effects
A: horns 2, retaliatory headbutt
a: Renounce Religion, Wall Jump


You were on level 7 of the Dungeon.
You worshipped Wu Jian.
Wu Jian was pleased with you.
You visited 1 branch of the dungeon, and saw 7 of its levels.

You collected 373 gold pieces.

Inventory:

Hand Weapons
 a - a +2 dire flail of venom (weapon)
 b - a +0 vorpal shortbow
 r - a +0 war axe
 A - a +0 flail
 J - a +7 trident of freezing
Missiles
 k - 3 poisoned darts
 n - 2 throwing nets (quivered)
 t - 8 boomerangs
 w - 146 stones
Armour
 c - a +0 buckler
 x - a +2 scale mail of cold resistance
 B - a +0 chain mail
 C - a +0 crystal plate armour (worn)
 G - a +0 scale mail
Magical Staves
 h - a staff of conjuration
Jewellery
 D - a ring of fire
 F - a +6 ring of dexterity
 K - a ring of protection from fire
Wands
 H - a wand of digging (2)
 M - a wand of iceblast (3)
Scrolls
 f - a scroll of silence {unknown}
 g - 2 scrolls of amnesia {unknown}
 i - 2 scrolls of teleportation {unknown}
 o - 4 scrolls of identify {unknown}
 q - a scroll of torment {unknown}
 s - 2 scrolls of magic mapping {unknown}
 y - a scroll of immolation {unknown}
 z - a scroll of enchant armour {unknown}
Potions
 d - a potion of magic {unknown}
 e - 2 potions of invisibility {unknown}
 j - a potion of resistance
 l - 3 potions of lignification {unknown}
 m - a potion of haste {unknown}
 p - 2 potions of heal wounds {unknown}
 u - 2 potions of cancellation {unknown}
 v - a potion of degeneration {unknown}
 E - a potion of ambrosia {unknown}
 L - a potion of brilliance {unknown}


   Skills:
 - Level 3.6 Fighting
 + Level 15.0 Maces & Flails
 - Level 3.6 Armour
 - Level 3.6 Shields


You had 8 spell levels left.
You didn't know any spells.
Your spell library contained the following spells:

 Spells                   Type           Power      Damage    Failure   Level
 Magic Dart               Conj           0%         1d3       100%        1
 Searing Ray              Conj           0%         2d4       100%        2
 Sublimation of Blood     Necr           0%         N/A       100%        2
 Wereblood                Tmut           0%         N/A       100%        2
 Fulminant Prism          Conj/Hex       0%         3d6       100%        4
 Summon Hydra             Summ           0%         N/A       100%        7


Dungeon Overview and Level Annotations

Branches:
Dungeon (7/15)             Temple (0/1) D:6

Altars:
Wu Jian
The Shining One

Annotations:
D:5 2 transporters, spaghetti's ghost, novice OpHu
D:6 1 runed translucent door, Atlas's ghost, novice DsIE
D:7 3 runed translucent doors, Aneyh's ghost, novice TeFi


Innate Abilities, Weirdness & Mutations

You have a pair of horns on your head.
You reflexively headbutt those who attack you in melee.


Message History

No target in view!
No target in view!
Things that are here:
a +0 dagger; a +0 robe Key pressed, stopping explore.
A cyan ugly thing comes into view.
The cyan ugly thing gurgles horribly!
A cyan ugly thing is nearby!
The cyan ugly thing engulfs you! The cyan ugly thing shocks you!
The cyan ugly thing attacks as you move away!
The cyan ugly thing engulfs you but does no damage.
You sock the cyan ugly thing!
The cyan ugly thing is moderately wounded.
The cyan ugly thing engulfs you but does no damage.
You barely miss the cyan ugly thing.
The cyan ugly thing is moderately wounded.
You spin and attack the cyan ugly thing repeatedly.
You closely miss the cyan ugly thing. You headbutt the cyan ugly thing.
The cyan ugly thing is moderately wounded.
You sock the cyan ugly thing!
The cyan ugly thing looks as sick as possible!
You headbutt the cyan ugly thing.
The cyan ugly thing is heavily wounded.
The cyan ugly thing engulfs you! The cyan ugly thing shocks you!
The cyan ugly thing attacks as you move away!
The cyan ugly thing engulfs you but does no damage.
The cyan ugly thing engulfs you. The cyan ugly thing shocks you!
* * * LOW HITPOINT WARNING * * *
You feel better. The cyan ugly thing closely misses you.
You puncture the cyan ugly thing!
The cyan ugly thing looks as sick as possible!
The cyan ugly thing is severely wounded.
The cyan ugly thing attacks as you move away!
The cyan ugly thing barely misses you.
The cyan ugly thing attacks as you move away!
The cyan ugly thing engulfs you but does no damage.
The cyan ugly thing engulfs you!
* * * LOW HITPOINT WARNING * * *
The cyan ugly thing shocks you!
You die...

#..#####....# #....##. ### #
#.## ##...## ##..#... ##.#.#.
### ##....## #...##.. .#.....
###..##..###...# #. .+Z..?#
######...###.......## # .+ZZ.$.
#.#.....####..##....# ## .+W...#
#......####..###....###. .#Z....
#........#..## ##...##.#
##.#.#.###......@u..## #..#....#
########..###...##..# ##.#####.#
#...##...## ##..###.####..## ##.
.##.####..## #...#.........## ##
.##.####...###...)).#.....<.###
###.##...#..##....####..###...##
..###..####......## #..####...##
#.....## ##.....## ##...####....
####.## ##..###.## #..##.####..#


You could see a cyan ugly thing (extremely poisoned).

Vanquished Creatures
  Edmund (D:4)
  Duvessa (D:7)
  A black bear (D:6)
  An ice beast (D:5)
  2 sky beasts
  An orc warrior (D:7)
  An ogre (D:7)
  4 centaurs
  2 phantoms (D:5)
  A bullfrog (D:5)
  A necrophage (D:5)
  A scorpion (D:4)
  7 wights
  Dowan (D:7)
  A howler monkey (D:5)
  A hound (D:6)
  A gnoll shaman (D:5)
  A jelly (D:6)
  Terence (D:3)
  9 iguanas
  3 orc wizards (D:7)
  Robin (D:3)
  9 gnolls
  6 adders
  3 shadow imps
  2 dart slugs
  A worm (D:2)
  7 orcs
  A bat (D:1)
  8 endoplasms
  4 giant cockroaches
  12 goblins
  6 hobgoblins
  4 jackals (D:2)
  5 kobolds
  11 quokkas
  6 ball pythons
  8 frilled lizards
  8 rats
144 creatures vanquished.

Vanquished Creatures (others)
  2 withered plants (D:6)
2 creatures vanquished.

Grand Total: 146 creatures vanquished

Notes
Turn   | Place    | Note
-------+----------+-------------------------------------------
     0 | D:1      | dolemite99 the Minotaur Fighter began the quest for the
                  | Orb.
     0 | D:1      | Reached XP level 1. HP: 19/19 MP: 0/0
   156 | D:1      | Reached skill level 3 in Maces & Flails
   208 | D:1      | Reached XP level 2. HP: 22/26 MP: 1/1
   361 | D:1      | Reached skill level 4 in Maces & Flails
   537 | D:1      | Reached XP level 3. HP: 31/31 MP: 2/2
  1489 | D:2      | Reached skill level 5 in Maces & Flails
  1638 | D:2      | Found a faded altar of an unknown god.
  2047 | D:2      | Prayed at the altar of an unknown god.
  2047 | D:2      | Became a worshipper of the Wu Jian Council
  2047 | D:2      | Reached * piety under Wu Jian
  2110 | D:3      | Reached XP level 4. HP: 34/39 MP: 3/3
  2162 | D:3      | Noticed Robin
  2185 | D:3      | Killed Robin
  2590 | D:3      | Reached skill level 6 in Maces & Flails
  2823 | D:3      | Noticed Terence
  2831 | D:3      | Killed Terence
  2832 | D:3      | Reached XP level 5. HP: 39/45 MP: 4/4
  3253 | D:4      | Found a glowing golden altar of the Shining One.
  3283 | D:4      | Reached skill level 7 in Maces & Flails
  3395 | D:4      | Reached ** piety under Wu Jian
  3681 | D:4      | Reached XP level 6. HP: 50/51 MP: 5/5
  3921 | D:4      | Reached skill level 8 in Maces & Flails
  3921 | D:4      | Noticed Edmund
  3933 | D:4      | Killed Edmund
  4563 | D:5      | Entered Level 5 of the Dungeon
  4614 | D:5      | Reached skill level 9 in Maces & Flails
  4663 | D:5      | Reached XP level 7. HP: 57/57 MP: 6/6
  4709 | D:5      | Noticed spaghetti's ghost (novice OpHu)
  4710 | D:5      | Found a transporter.
  4999 | D:5      | Reached skill level 10 in Maces & Flails
  5216 | D:5      | Reached skill level 11 in Maces & Flails
  5297 | D:5      | Reached XP level 8. HP: 64/64 MP: 7/7
  5548 | D:5      | Found a transporter.
  5625 | D:6      | Found a staircase to the Ecumenical Temple.
  5650 | D:6      | Found a runed translucent door.
  5650 | D:6      | Noticed Atlas's ghost (novice DsIE)
  5687 | D:6      | Reached skill level 12 in Maces & Flails
  6306 | D:6      | Reached skill level 13 in Maces & Flails
  6919 | D:7      | Reached skill level 14 in Maces & Flails
  6919 | D:7      | Reached XP level 9. HP: 59/70 MP: 8/8
  7523 | D:7      | Noticed Duvessa
  7524 | D:7      | Noticed Dowan
  7534 | D:7      | Killed Duvessa
  7539 | D:7      | Killed Dowan
  7540 | D:7      | Reached skill level 15 in Maces & Flails
  8115 | D:7      | Found a runed translucent gate.
  8115 | D:7      | Found a runed translucent gate.
  8116 | D:7      | Found a runed translucent gate.
  8119 | D:7      | Noticed Aneyh's ghost (novice TeFi)
  8249 | D:7      | Noticed a cyan ugly thing
  8274 | D:7      | Slain by a cyan ugly thing

Illustrated notes

Levels and vault maps discovered:
D:1:      sevenhm_arrival_forest_fort_small_6, layout_basic
D:2:      wad_pebble_path, layout_basic, chequers_ecumenical_altar_lobes,
          wad_floor_pattern_untrapped, minmay_tetromino_s2
D:3:      layout_basic, uniq_terence, uniq_robin
D:4:      layout_basic, mainiacjoe_overflow_small_starburst, uniq_edmund
D:5:      layout_loops_ring, gammafunk_ghost_mausoleum
D:6:      layout_cave_pools, minmay_temple_entry_overgrown,
          gammafunk_ghost_grave
D:7:      layout_layer_cave, gammafunk_ghost_necromancy, grunt_decor_one_mirror,
          uniq_duvessa

Skill      XL: |  1  2  3  4  5  6  7  8  9 |
---------------+----------------------------+-----
Maces & Flails | 3 4 5 6 7 9 11 14 15 | 15.0
Fighting       | |  3.6
Armour         | |  3.6
Shields        | |  3.6

Action                   |  1- 3 |  4- 6 |  7- 9 || total
-------------------------+-------+-------+-------++-------
Melee: Flail             |    93 |   112 |       ||   205
       Headbutt          |    12 |    24 |    35 ||    71
       Dire flail        |       |    10 |   179 ||   189
 Fire: Shortbow          |       |       |    35 ||    35
Throw: Dart              |    23 |     5 |     7 ||    35
       Throwing net      |       |     2 |       ||     2
Invok: Whirlwind         |       |     8 |     5 ||    13
       Lunge             |       |    10 |    14 ||    24
  Use: Potion            |       |     2 |     1 ||     3
       Scroll            |       |       |     2 ||     2
 Stab: Held in net/web   |       |     1 |       ||     1
Armor: Scale mail        |    57 |    43 |       ||   100
       Crystal plate arm |       |     4 |   107 ||   111
Dodge: Dodged            |    55 |    42 |    24 ||   121
Block: Buckler           |    22 |    23 |       ||    45

Table legend: (Time is in decaauts)
 A = Elapsed time spent in this place.
 B = Non-inter-level travel time spent in this place.
 C = Inter-level travel time spent in this place.
 D = Time resting spent in this place.
 E = Time spent auto-exploring this place.
 F = Levels seen in this place.
 G = Mean time per level.
                   A        B        C        D        E       F      G
               +--------+--------+--------+--------+--------+-----+--------+
         Total |   8283 |   8002 |    281 |    963 |   5728 |   7 | 1183.3 |
       Dungeon |   8283 |   8002 |    281 |    963 |   5728 |   7 | 1183.3 |
               +--------+--------+--------+--------+--------+-----+--------+

Top non-repeatable levels by time:
     D:7: 1697 daAuts
     D:4: 1312 daAuts
     D:3: 1161 daAuts
     D:2: 1083 daAuts
     D:5: 1050 daAuts
     D:1: 1037 daAuts
     D:6: 940 daAuts
